Map: Kairos Junction LE

Players

Lambo - Winner!

  • Race: Zerg Zerg
  • League: Master
  • Spawn Location: 11:00

Rail

  • Race: Protoss Protoss
  • League: Master
  • Spawn Location: 5:00

VOD

Have the link to the VOD?

Description

Time

  • Played on: Jan. 24, 2019, 11:53 a.m.
  • Length: 6:05
Show
View Real Time Build Order
Export as new Build Order

Lambo Zerg - Winner!

Build Orders: Hatch First 

Get SALT Encoding   

  12  0:01  Drone  
  13  0:12  Overlord  
  13  0:16  Drone  
  14  0:30  Drone x2  
  16  0:48  Hatchery  
  15  0:51  Drone  
  15  0:55  Drone  
  17  0:58  Drone  
  18  1:10  Extractor  
  17  1:14  Spawning Pool  
  17  1:16  Drone  
  17  1:20  Drone  
  18  1:28  Drone  
  19  1:39  Drone  
  20  1:50  Overlord  
  20  2:01  Queen x2  
  20  2:02  Drone  
  20  2:03  Zergling x2  
  26  2:09  Metabolic Boost  
  26  2:11  Drone  
  26  2:12  Drone  
  28  2:22  Drone x2  
  30  2:34  Hatchery  
  30  2:36  Drone  
  30  2:40  Drone  
  30  2:43  Drone  
  32  2:46  Overlord  
  32  2:54  Queen  
  34  2:59  Drone x2  
  36  3:08  Drone  
  36  3:09  Drone x4  
  41  3:13  Drone x3  
  41  3:19  Overlord  
  44  3:36  Queen  
  44  3:37  Drone x3  
  44  3:41  Drone x2  
  51  3:42  Drone  
  51  3:46  Drone x2  
  54  3:51  Overlord  
  54  3:55  Roach Warren  
  53  3:56  Overlord  
  53  3:57  Extractor, Zergling x4  
  53  3:58  Extractor  
  53  4:01  Overlord  
  53  4:02  Zergling x2  
  53  4:03  Zergling x4  
  53  4:06  Zergling x2  
  57  4:10  Zergling x2  
  57  4:12  Overlord  
  57  4:13  Zergling x4  
  59  4:19  Zergling x6  
  62  4:29  Zergling x6  
  64  4:37  Overlord  
  64  4:40  Roach x4  
  64  4:43  Roach  
  74  4:46  Roach x2  
  74  4:49  Roach x4  
  74  4:52  Roach  
  88  4:56  Overlord  
  88  4:58  Zergling x2  
  89  5:01  Zergling x2  
  89  5:04  Roach x2  
  94  5:10  Roach  
  94  5:13  Overlord  
  96  5:17  Overlord  
  96  5:18  Zergling x10  
  100  5:23  Overlord  
  100  5:25  Ravager x5  
  105  5:29  Overlord  
  105  5:32  Zergling x6  
  105  5:35  Overlord  
  108  5:38  Overlord  
  108  5:41  Overlord  
Show
View Real Time Build Order
Export as new Build Order

Rail Protoss 

Build Orders: 1 Gate Expand 

Get SALT Encoding   

  12  0:00  Probe  
  13  0:13  Probe  
  14  0:17  Pylon  
  14  0:23  Probe  
  15  0:32  Probe  
  15  0:38  Gateway  
  15  0:40  Probe  
  16  0:47  Assimilator  
  17  0:51  Probe  
  18  1:03  Probe  
  19  1:21  Nexus  
  19  1:30  Cybernetics Core  
  20  1:32  Probe  
  20  1:38  Assimilator  
  20  1:42  Probe  
  21  1:47  Pylon  
  21  1:50  Probe  
  21  1:59  Probe  
  22  2:06  Stalker  
  22  2:07  Warp Gate  
  22  2:08  Probe  
  26  2:16  Probe  
  27  2:25  Probe  
  27  2:29  Probe  
  28  2:36  Adept  
  31  2:37  Probe x2  
  31  2:43  Gateway  
  33  2:47  Probe  
  33  2:49  Probe  
  35  2:52  Gateway  
  35  2:58  Probe  
  35  3:01  Probe  
  37  3:06  Adept, Probe  
  37  3:08  Pylon  
  40  3:13  Shield Battery, Probe  
  40  3:14  Probe  
  42  3:22  Pylon  
  42  3:26  Probe  
  44  3:27  Probe  
  44  3:34  Nexus  
  44  3:39  Probe x2  
  46  3:44  Assimilator  
  46  3:50  Stargate  
  46  3:55  Adept x3  
  52  3:58  Shield Battery  
  52  3:59  Probe  
  52  4:01  Probe  
  54  4:05  Assimilator  
  54  4:15  Adept  
  54  4:16  Adept x2  
  60  4:21  Robotics Facility  
  60  4:24  Probe  
  60  4:29  Robotics Facility, Probe  
  62  4:34  Pylon  
  62  4:40  Void Ray  
  62  4:43  Pylon  
  62  4:46  Probe x2  
  62  4:48  Probe  
  69  4:58  Probe x2  
  71  5:01  Probe  
  71  5:06  Immortal  
  72  5:08  Pylon  
  72  5:10  Probe  
  72  5:13  Probe  
  73  5:15  Zealot x2  
  73  5:17  Immortal  
  73  5:18  Probe  
  81  5:22  Probe  
  81  5:25  Probe  
  81  5:27  Sentry  
  89  5:31  Probe  
  89  5:32  Probe  
  91  5:37  Pylon, Probe  
  91  5:40  Probe  
  92  5:43  Probe  
  92  5:49  Probe  
  99  5:57  Adept x2  
Tags
 
Add a new tag
Caveats
  • Supply blocks, unpowered buildings, or Contaminate may cause inaccurate times.
  • Supply counts are checked every 10 seconds.